 Dungeon Crawl Stone Soup version 0.30-a0-263-ge22c4ad894 (webtiles) character file.

Game seed: 8696796962714550106

4691 Iusername the Fighter (level 10, -1/93 HPs)
             Began as a Minotaur Fighter on Oct 13, 2022.
             Was a Believer of Qazlal.
             Slain by an orc warrior
             ... wielding a +2 halberd of flaming
              (15 damage)
             ... on level 8 of the Dungeon.
             The game lasted 00:12:14 (9274 turns).

Iusername the Fighter (Minotaur Fighter)            Turns: 9274, Time: 00:12:14

Health: -1/93      AC: 11    Str: 25    XL:     10   Next: 21%
Magic:  9/9        EV:  5    Int:  5    God:    Qazlal [**....]
Gold:   466        SH:  0    Dex: 10    Spells: 9/9 levels left

rFire   . . .      SeeInvis .    a - +0 war axe
rCold   . . .      Faith    .    (no shield)
rNeg    . . .      Spirit   .    b - +0 scale mail
rPois   .          Reflect  .    (helmet restricted)
rElec   .          Harm     .    (no cloak)
rCorr   .          Rampage  .    j - +0 pair of gloves
Will    .....                    i - +0 pair of boots
Stlth   ..........               (no amulet)
HPRegen 0.35/turn                (no ring)
MPRegen 0.11/turn                (no ring)

@: held
A: horns 2, retaliatory headbutt
a: Renounce Religion, Upheaval


You were on level 8 of the Dungeon.
You worshipped Qazlal.
Qazlal was pleased with you.
You visited 1 branch of the dungeon, and saw 8 of its levels.

You collected 466 gold pieces.

Inventory:

Hand Weapons
 a - a +0 war axe (weapon)
Missiles
 n - 4 throwing nets (quivered)
Armour
 b - a +0 scale mail (worn)
 i - a +0 pair of boots (worn)
 j - a +0 pair of gloves (worn)
Jewellery
 f - a ring of magical power
 x - a +4 ring of evasion
 y - a +6 ring of strength
 I - a +6 ring of intelligence
Wands
 v - a wand of light (4)
 A - a wand of flame (13)
 G - a wand of polymorph (9)
 J - a wand of charming (11)
Scrolls
 c - 2 scrolls of fog {unknown}
 e - 3 scrolls of summoning {unknown}
 h - 5 scrolls of amnesia
 k - 7 scrolls of teleportation
 m - 2 scrolls of brand weapon {unknown}
 o - 2 scrolls of magic mapping {unknown}
 r - 2 scrolls of blinking
 s - a scroll of enchant weapon {unknown}
 w - 2 scrolls of vulnerability
 B - a scroll of noise {unknown}
 D - a scroll of fear
 F - a scroll of enchant armour {unknown}
 H - a scroll of poison {unknown}
Potions
 d - 2 potions of heal wounds {unknown}
 g - a potion of ambrosia
 l - a potion of lignification {unknown}
 p - a potion of resistance
 t - a potion of attraction
 u - a potion of degeneration
 z - 3 potions of brilliance
 E - a potion of mutation {unknown}
 K - a potion of cancellation {unknown}


   Skills:
 + Level 9.8 Fighting
 + Level 9.3 Axes
 + Level 9.6 Armour
 + Level 9.7 Shields


You had 9 spell levels left.
You didn't know any spells.
Your spell library contained the following spells:

 Spells                   Type           Power      Damage    Failure   Level
 Magic Dart               Conj           0%         1d3       73%         1
 Call Imp                 Summ           0%         N/A       86%         2
 Ensorcelled Hibernation  Hex/Ice        0%         N/A       86%         2
 Passwall                 Tmut/Erth      0%         N/A       86%         2
 Searing Ray              Conj           0%         2d4       86%         2
 Call Canine Familiar     Summ           0%         N/A       97%         3
 Dazzling Flash           Conj/Hex       0%         N/A       97%         3
 Mephitic Cloud           Conj/Pois/Air  0%         N/A       97%         3
 Portal Projectile        Hex/Tloc       0%         N/A       97%         3
 Swiftness                Air            0%         N/A       97%         3
 Tukima's Dance           Hex            0%         N/A       97%         3
 Fulminant Prism          Conj/Hex       0%         3d6       100%        4
 Leda's Liquefaction      Hex/Erth       0%         N/A       100%        4
 Agony                    Necr           0%         N/A       100%        5
 Blade Hands              Tmut           0%         N/A       100%        5
 Silence                  Hex/Air        0%         N/A       100%        5


Dungeon Overview and Level Annotations

Branches:
Dungeon (8/15)             Temple (0/1) D:7
   Lair: D:8-11

Altars:
Ashenzari
Kikubaaqudgha
Qazlal
Vehumet
Wu Jian
The Shining One


Innate Abilities, Weirdness & Mutations

You have a pair of horns on your head.
You reflexively headbutt those who attack you in melee.


Message History

The gnoll bouda attacks as you move away!
The gnoll bouda barely misses you. The gnoll closely misses you.
You slash the gnoll bouda!
The gnoll bouda is severely wounded.
Your attacks no longer feel as feeble.
The gnoll bouda prays to its god.
The gnoll bouda is healed somewhat.
You block the gnoll's attack.
You closely miss the gnoll bouda. Your headbutt misses the gnoll bouda.
The gnoll bouda is heavily wounded.
The orc warrior hits you from afar with a +2 halberd of flaming!
* * * LOW HITPOINT WARNING * * *
The orc warrior burns you.
* * * LOW HITPOINT WARNING * * *
The gnoll bouda hits you with a +0 whip!
* * * LOW HITPOINT WARNING * * *
The gnoll hits you but does no damage.
You feel better.
The orc warrior hits you from afar with a +2 halberd of flaming.
* * * LOW HITPOINT WARNING * * *
The orc warrior burns you.
* * * LOW HITPOINT WARNING * * *
The gnoll bouda hits you with a +0 whip.
* * * LOW HITPOINT WARNING * * *
You block the gnoll's attack.
You hit the gnoll bouda.
You headbutt the gnoll bouda, but do no damage.
The gnoll bouda is severely wounded.
The orc warrior hits you from afar with a +2 halberd of flaming.
* * * LOW HITPOINT WARNING * * *
The orc warrior burns you.
* * * LOW HITPOINT WARNING * * *
The gnoll bouda barely misses you. You furiously retaliate!
You headbutt the gnoll bouda!
You kill the gnoll bouda!
Qazlal accepts your kill.
The gnoll throws a throwing net.
The throwing net hits you.
You become entangled in the net!
You tear a large gash into the net.
The orc warrior hits you from afar with a +2 halberd of flaming!
You die...

<...# ##............
)...# .............
#..### ..............
....<# . #.............
.........##....$........
.................. .....
.............)).# ......
.............)g###......
.#.##.###....)o)@..#
.... #........##)###
....# ........ #.#.#
........#.).#
........)...#
.......###..#
........##..#
...........##
.#.#.....##


You could see an orc warrior and a gnoll (swift).

Vanquished Creatures
  Pikel (D:4)
  Grinder (D:4)
  2 steam dragons
  An acid dragon (D:6)
  A water moccasin (D:7)
  3 orc warriors
  A black bear (D:7)
  3 sky beasts (D:7)
  An ogre (D:4)
  2 centaurs
  2 phantoms
  A lemure (D:4)
  5 kobold brigands
  4 necrophages
  2 scorpions
  2 bullfrogs (D:7)
  2 gnoll sergeants (D:7)
  3 wights (D:7)
  4 killer bees (D:7)
  6 howler monkeys (D:7)
  4 hounds
  3 orc priests
  3 gnoll boudas
  2 iguanas
  3 jellies (D:7)
  Natasha (thrice) (D:2)
  Terence (D:2)
  4 orc wizards
  Robin (D:4)
  17 gnolls
  5 adders
  A shadow imp (D:6)
  2 white imps
  A worm (D:3)
  A dart slug (D:1)
  18 orcs
  11 endoplasms
  A giant cockroach (D:3)
  6 hobgoblins
  7 jackals (D:3)
  4 quokkas
  8 ball pythons
  6 bats
  5 frilled lizards
  18 goblins
  8 kobolds
  9 rats
199 creatures vanquished.

Vanquished Creatures (others)
  An orc wizard (D:8)
  2 gnolls (D:7)
  3 plants (D:1)
6 creatures vanquished.

Grand Total: 205 creatures vanquished

Notes
Turn   | Place    | Note
-------+----------+-------------------------------------------
     0 | D:1      | Iusername the Minotaur Fighter began the quest for the Orb.
     0 | D:1      | Reached XP level 1. HP: 19/19 MP: 0/0
    77 | D:1      | Reached XP level 2. HP: 27/27 MP: 1/1
   797 | D:1      | Reached XP level 3. HP: 33/33 MP: 2/2
  1033 | D:2      | Noticed Natasha
  1040 | D:2      | Killed Natasha
  1149 | D:2      | Noticed Terence
  1160 | D:2      | Killed Terence
  1161 | D:2      | Reached XP level 4. HP: 19/41 MP: 3/3
  1172 | D:2      | Noticed Natasha
  1181 | D:2      | Killed Natasha
  1544 | D:2      | Noticed Natasha
  1558 | D:2      | Killed Natasha
  1559 | D:2      | Reached XP level 5. HP: 22/47 MP: 4/4
  2854 | D:4      | Noticed Grinder
  2865 | D:4      | Killed Grinder
  2866 | D:4      | Reached skill level 5 in Fighting
  2866 | D:4      | Reached skill level 5 in Armour
  2866 | D:4      | Reached skill level 5 in Shields
  2866 | D:4      | Reached XP level 6. HP: 38/56 MP: 5/5
  3051 | D:4      | Found an ancient bone altar of Kikubaaqudgha.
  3119 | D:4      | Noticed Robin
  3134 | D:4      | Killed Robin
  3177 | D:4      | Noticed Pikel
  3189 | D:4      | Killed Pikel
  3190 | D:4      | Reached skill level 5 in Axes
  3190 | D:4      | Reached XP level 7. HP: 7/64 MP: 6/6
  3533 | D:4      | Reached XP level 8. HP: 68/71 MP: 7/7
  3535 | D:4      | Found a broken altar of Ashenzari.
  3626 | D:4      | HP: 2/71 [gnoll/+0 halberd[a gnoll bouda] (6)]
  4157 | D:5      | Entered Level 5 of the Dungeon
  4673 | D:6      | Found a stormy altar of Qazlal.
  4781 | D:6      | Found an ornate altar of the Wu Jian Council.
  4889 | D:6      | Became a worshipper of Qazlal Stormbringer
  4921 | D:6      | Found a glowing golden altar of the Shining One.
  5609 | D:6      | Found a radiant altar of Vehumet.
  5934 | D:7      | Reached XP level 9. HP: 54/81 MP: 8/8
  7026 | D:7      | Reached * piety under Qazlal
  7558 | D:8      | HP: 4/83 [something/magic dart (8)]
  8219 | D:7      | Found a staircase to the Ecumenical Temple.
  8433 | D:7      | Reached XP level 10. HP: 91/91 MP: 9/9
  9262 | D:8      | Reached ** piety under Qazlal
  9274 | D:8      | Slain by an orc warrior

Illustrated notes

Levels and vault maps discovered:
D:1:      amcnicky_arrival_double_pillar, layout_basic, serial_forest,
          infiniplex_forest_lined_1, infiniplex_forest_straight_1,
          infiniplex_forest_pool, infiniplex_forest_clump_diagonal,
          infiniplex_forest_straight_2, infiniplex_forest_clump_double,
          infiniplex_forest_lined_3
D:2:      layout_loops_ring, uniq_natasha, uniq_terence
D:3:      layout_loops_ring
D:4:      layout_cave_pools, kennysheep_mini, mainiacjoe_overflow_alcove_4,
          kennysheep_generic_room_15, uniq_robin, uniq_pikel, uniq_grinder
D:5:      layout_rooms
D:6:      layout_loops_ring, mainiacjoe_overflow_alcove_2,
          nzn_wu_jian_council_hall, lemuel_tele_altar, fiery_altar_vehumet
D:7:      minmay_thinvault, layout_cave_pools, temple_fountains,
          grunt_decor_fettered
D:8:      layout_cave_pools, worldfamousw_hep_ancestral_shrine, uniq_psyche

Skill      XL: |  1  2  3  4  5  6  7  8  9 |
---------------+----------------------------+-----
Shields        | 4 5 6 8 9 |  9.7
Fighting       | 4 5 6 8 9 |  9.8
Armour         | 4 5 6 7 9 |  9.6
Axes           | 3 4 5 6 7 9 |  9.3

Action                   |  1- 3 |  4- 6 |  7- 9 | 10-12 || total
-------------------------+-------+-------+-------+-------++-------
Melee: War axe           |    88 |   140 |   271 |    55 ||   554
       Headbutt          |    12 |    19 |    38 |    11 ||    80
       Punch             |       |       |     3 |       ||     3
  Use: Potion            |       |     2 |     4 |     1 ||     7
       Scroll            |       |       |     8 |     2 ||    10
Armor: Scale mail        |    36 |    79 |   150 |    25 ||   290
Dodge: Dodged            |    38 |    72 |   195 |    31 ||   336
Block: Buckler           |    17 |    24 |    24 |       ||    65
       Other             |       |       |     4 |     7 ||    11

Table legend: (Time is in decaauts)
 A = Elapsed time spent in this place.
 B = Non-inter-level travel time spent in this place.
 C = Inter-level travel time spent in this place.
 D = Time resting spent in this place.
 E = Time spent auto-exploring this place.
 F = Levels seen in this place.
 G = Mean time per level.
                   A        B        C        D        E       F      G
               +--------+--------+--------+--------+--------+-----+--------+
         Total |   9374 |   9166 |    208 |   3409 |   4412 |   8 | 1171.8 |
       Dungeon |   9374 |   9166 |    208 |   3409 |   4412 |   8 | 1171.8 |
               +--------+--------+--------+--------+--------+-----+--------+

Top non-repeatable levels by time:
     D:7: 2577 daAuts
     D:4: 1380 daAuts
     D:6: 1226 daAuts
     D:2: 1102 daAuts
     D:1: 951 daAuts
     D:8: 835 daAuts
     D:3: 814 daAuts
     D:5: 487 daAuts
